 Dungeon Crawl Stone Soup version 0.31-a0-263-ge8cad7f256 (webtiles) character file.

Game seed: 14644755481812306816

1199 qw the Skirmisher (level 8, -3/68 HPs)
             Began as a Minotaur Hexslinger on July 13, 2023.
             Slain by Pikel
             ... wielding a +2 whip of freezing
              (7 damage)
             ... on level 5 of the Dungeon.
             The game lasted 00:01:51 (5349 turns).

qw the Skirmisher (Minotaur Hexslinger)             Turns: 5349, Time: 00:01:51

Health: -3/68      AC:  6    Str: 12    XL:     8   Next: 20%
Magic:  8/8        EV: 11    Int: 10    God:
Gold:   254        SH:  0    Dex: 16    Spells: 8/9 levels left

rFire   . . .        Y - +3 sling (flame)
rCold   . . .        (no shield)
rNeg    . . .        a - +0 ring mail
rPois   .            (helmet restricted)
rElec   .            (no cloak)
rCorr   .            i - +0 pair of gloves
SInv    .            (no boots)
Will    .....        (no amulet)
Stlth   +            (no ring)
HPRegen 0.31/turn    (no ring)
MPRegen 0.11/turn

%: no passive effects
@: no status effects
A: horns 2, retaliatory headbutt
a: no special abilities


You were on level 5 of the Dungeon.
You visited 1 branch of the dungeon, and saw 7 of its levels.

You collected 254 gold pieces.


Innate Abilities, Weirdness & Mutations

You have a pair of horns on your head.
You reflexively headbutt those who attack you in melee.


   Skills:
 + Level 5.0 Fighting
 - Level 9.2 Ranged Weapons
 - Level 2.3 Armour
 - Level 3.5 Dodging
 - Level 1.0 Spellcasting
 - Level 2.0 Hexes


You had 8 spell levels left.
You knew the following spells:

 Your Spells              Type           Power      Damage    Failure   Level
a - Slow                  Hex            16%        N/A       32%         1

Your spell library contained the following spells:

 Spells                   Type           Power      Damage    Failure   Level
 Inner Flame              Hex/Fire       2%         N/A       83%         3
 Portal Projectile        Hex/Tloc       4%         N/A       83%         3
 Cause Fear               Hex            2%         N/A       97%         4

Inventory:

Hand Weapons
 Y - a +3 sling of flaming (weapon)
Armour
 a - a +0 ring mail (worn)
 i - a +0 pair of gloves (worn)
Scrolls
 c - a scroll of identify
 k - a scroll of enchant armour {unknown}
 l - a scroll of fear {unknown}
Potions
 b - 3 potions of curing
 d - a potion of attraction {unknown}
 e - a potion of resistance {unknown}
 f - a potion of lignification {unknown}
 g - a potion of enlightenment {unknown}
 h - a potion of heal wounds {unknown}
 j - a potion of magic {unknown}

Dungeon Overview and Level Annotations

Branches:
Dungeon (7/15)
 Temple: D:4-7

Altars:
Makhleb
Okawaru
Wu Jian

Shops:
D:3 [

Annotations:
D:2 1 runed translucent door, Crazy Yiuf
D:4 3 runed translucent doors, qw's ghost, amateur GrHs
D:5 Pikel


Message History

A lemure comes into view.
Pikel hits you with a +2 whip of freezing!
Pikel freezes you.
You shoot a sling bullet.
The sling bullet hits Pikel but does no damage.
Pikel is lightly wounded.
Pikel hits you with a +2 whip of freezing!
Pikel freezes you. The lemure barely misses you.
Pikel hits you with a +2 whip of freezing.
Pikel freezes you.
You shoot a sling bullet. The sling bullet hits the lemure.
The sling bullet burns the lemure.
The lemure is severely wounded.
Pikel hits you with a +2 whip of freezing.
Pikel freezes you.
You shoot a sling bullet. The sling bullet hits the lemure.
The sling bullet burns the lemure.
The lemure is almost dead.
The lemure barely misses you. You furiously retaliate!
You headbutt the lemure.
You kill the lemure!
That felt strangely unrewarding.
Pikel hits you with a +2 whip of freezing.
Pikel freezes you.
You shoot a sling bullet. The sling bullet hits Pikel.
The sling bullet burns Pikel.
Pikel is lightly wounded.
Pikel hits you with a +2 whip of freezing.
Pikel freezes you.
You shoot a sling bullet.
The sling bullet hits Pikel but does no damage.
Pikel is lightly wounded.
The lemure hits you but does no damage.
Pikel hits you with a +2 whip of freezing.
Pikel freezes you.
You shoot a sling bullet. The sling bullet hits Pikel.
The sling bullet burns Pikel.
Pikel is moderately wounded.
The lemure hits you. x2
Pikel hits you with a +2 whip of freezing!
You die...

......#
#.#####
#####.#
#.....#
###
#.###.###
###
#...###
###...#
###.# #.#
..77777#.#
7....K@.#
77...55.#
77777#.#
#.# #.#
#.# #.#
#.#


You could see Pikel and 2 lemures.

Vanquished Creatures
  A water moccasin (D:5)
  An ice beast (D:5)
  A black bear (D:5)
  2 ogres
  2 lemures (D:5)
  A bullfrog (D:6)
  2 scorpions
  A jelly (D:5)
  A hound (D:6)
  A gnoll bouda (D:4)
  An orc priest (D:3)
  A sleepcap (D:4)
  Jessica (D:2)
  3 iguanas
  An orc wizard (D:6)
  6 adders
  12 gnolls
  3 worms
  2 dart slugs
  15 orcs
  6 bats
  8 endoplasms
  3 giant cockroaches
  5 goblins
  6 hobgoblins
  3 jackals
  3 quokkas
  2 ball pythons
  4 frilled lizards
  9 kobolds
  7 rats
114 creatures vanquished.

Notes
Turn   | Place    | Note
-------+----------+-------------------------------------------
     0 | D:1      | qw the Minotaur Hexslinger began the quest for the Orb.
     0 | D:1      | Reached XP level 1. HP: 16/16 MP: 1/1
     0 | D:1      | 0 ||| qw: Version: 0.3-a-52-g30416fa
     0 | D:1      | 0 ||| qw: Game counter: 7309
     0 | D:1      | 0 ||| qw: Melee chars always use a shield: true
     0 | D:1      | 0 ||| qw: God list: Okawaru
     0 | D:1      | 0 ||| qw: Allow faded altars: false
     0 | D:1      | 0 ||| qw: Do Orc after clearing Dungeon:15 true
     0 | D:1      | 0 ||| qw: Do second Lair branch before Depths: true
     0 | D:1      | 0 ||| qw: Lair rune preference: random
     0 | D:1      | 0 ||| qw: Goals: Normal
     0 | D:1      | 0 ||| PLANNING D:1-11
   107 | D:1      | Reached skill level 3 in Ranged Weapons
   107 | D:1      | Reached XP level 2. HP: 23/23 MP: 2/2
   237 | D:1      | Found a faded altar of an unknown god.
   519 | D:1      | Found an ornate altar of the Wu Jian Council.
   522 | D:1      | 522 ||| READING scroll labelled TUYMUM HOTANUPP.
   566 | D:1      | 566 ||| READING scroll labelled RUDWOA NIOTOLIWN.
   567 | D:1      | 567 ||| READING scroll labelled GUENUL ETHECK.
   571 | D:1      | 571 ||| DROPPING scroll of poison.
   601 | D:2      | Reached XP level 3. HP: 29/29 MP: 3/3
   787 | D:2      | Reached skill level 4 in Ranged Weapons
  1039 | D:2      | Noticed Jessica
  1044 | D:2      | Killed Jessica
  1045 | D:2      | Reached XP level 4. HP: 27/36 MP: 4/4
  1261 | D:2      | Reached skill level 5 in Ranged Weapons
  1421 | D:2      | Found a runed translucent door.
  1422 | D:2      | Noticed Crazy Yiuf
  1523 | D:2      | 1523 ||| UPGRADING to +0 pair of gloves.
  1528 | D:2      | 1528 ||| READING scroll labelled XOJUD RAGAIBB.
  1529 | D:2      | 1529 ||| READING scroll labelled HEBLAFOZAO.
  1530 | D:2      | 1530 ||| READING scroll labelled BEMNOM VEFOI.
  1582 | D:3      | Reached skill level 3 in Fighting
  1615 | D:3      | Reached XP level 5. HP: 44/45 MP: 5/5
  1682 | D:3      | 1682 ||| FLEEEEING.
  1683 | D:3      | 1683 ||| FLEEEEING.
  1684 | D:3      | 1684 ||| FLEEEEING.
  1686 | D:3      | 1686 ||| FLEEEEING.
  1687 | D:3      | 1687 ||| FLEEEEING.
  1688 | D:3      | 1688 ||| FLEEEEING.
  1689 | D:3      | 1689 ||| FLEEEEING.
  1690 | D:3      | 1690 ||| FLEEEEING.
  1691 | D:3      | 1691 ||| FLEEEEING.
  1692 | D:3      | 1692 ||| FLEEEEING.
  1693 | D:3      | 1693 ||| FLEEEEING.
  1694 | D:3      | 1694 ||| FLEEEEING.
  1758 | D:3      | Found an iron altar of Okawaru.
  1804 | D:3      | Reached skill level 6 in Ranged Weapons
  1812 | D:3      | HP: 11/45 [poisoned by an adder]
  2351 | D:3      | Noticed an ogre
  2354 | D:3      | HP: 7/42 [ogre/+0 giant club (18)]
  2360 | D:3      | Killed an ogre
  2361 | D:3      | Reached XP level 6. HP: 10/53 MP: 6/6
  2567 | D:3      | 2567 ||| READING scroll of enchant weapon.
  2567 | D:3      | 2567 ||| ENCHANTING +2 sling.
  2716 | D:3      | 2716 ||| Stepping ~*~*~tactically~*~*~ (water).
  2730 | D:3      | Found a burning altar of Makhleb.
  2734 | D:3      | Identified the +7 whip of Descent {flame, +Blink rCorr
                  | Str-4 Stlth+}
  2760 | D:3      | Found Zufaog's Armour Shop.
  2769 | D:3      | 2769 ||| SHOPLISTING +1 pair of gloves of stealth (181
                  | gold, have 141).
  3099 | D:3      | 3099 ||| UPGRADING to +0 ring mail.
  3109 | D:3      | 3109 ||| DROPPING +0 robe.
  3110 | D:3      | 3110 ||| READING scroll labelled BOTOOTTULA.
  3111 | D:3      | 3111 ||| DRINKING 2 silvery potions.
  3136 | D:4      | 3136 ||| STAIRDANCE
  3141 | D:4      | 3141 ||| STAIRDANCE
  3145 | D:4      | 3145 ||| STAIRDANCE
  3149 | D:4      | 3149 ||| STAIRDANCE
  3153 | D:4      | 3153 ||| STAIRDANCE
  3157 | D:4      | 3157 ||| STAIRDANCE
  3161 | D:4      | 3161 ||| STAIRDANCE
  3165 | D:4      | 3165 ||| STAIRDANCE
  3169 | D:4      | 3169 ||| STAIRDANCE
  3173 | D:4      | 3173 ||| STAIRDANCE
  3177 | D:4      | 3177 ||| STAIRDANCE
  3181 | D:4      | 3181 ||| STAIRDANCE
  3185 | D:4      | 3185 ||| STAIRDANCE
  3189 | D:4      | 3189 ||| STAIRDANCE
  3193 | D:4      | 3193 ||| STAIRDANCE
  3197 | D:4      | 3197 ||| STAIRDANCE
  3201 | D:4      | 3201 ||| STAIRDANCE
  3205 | D:4      | 3205 ||| STAIRDANCE
  3209 | D:4      | 3209 ||| STAIRDANCE
  3213 | D:4      | 3213 ||| STAIRDANCE
  3375 | D:4      | 3375 ||| SWAPPING to +3 sling of flaming.
  3376 | D:4      | 3376 ||| DROPPING +3 sling.
  3560 | D:4      | 3560 ||| Stepping ~*~*~tactically~*~*~ (outnumbered).
  3563 | D:4      | 3563 ||| Stepping ~*~*~tactically~*~*~ (outnumbered).
  3582 | D:4      | Reached XP level 7. HP: 31/60 MP: 7/7
  3709 | D:4      | Found a runed translucent gate.
  3710 | D:4      | Found a runed translucent gate.
  3710 | D:4      | Found a runed translucent gate.
  3712 | D:4      | Noticed qw's ghost (amateur GrHs)
  3744 | D:4      | 3744 ||| READING scroll labelled TAOTUE KUOCK.
  3990 | D:4      | Reached skill level 7 in Ranged Weapons
  4099 | D:4      | You fall into a shaft and drop 3 floors!
  4354 | D:6      | Reached skill level 8 in Ranged Weapons
  4520 | D:5      | Entered Level 5 of the Dungeon
  5094 | D:5      | Reached skill level 9 in Ranged Weapons
  5094 | D:5      | Reached XP level 8. HP: 57/68 MP: 8/8
  5180 | D:5      | Identified the +0 scale mail of Ureakaer {rC+ Dex-5 Stlth+}
  5242 | D:5      | Reached skill level 3 in Dodging
  5336 | D:5      | Noticed Pikel
  5348 | D:5      | HP: 13/68 [Pikel/+2 whip of freezing (6)]
  5349 | D:5      | HP: 4/68 [lemure[Pikel] (3)]
  5349 | D:5      | Slain by Pikel

Levels and vault maps discovered:
D:1:      dpeg_arrival_water_altar, layout_basic,
          shapermc_ecumenical_altar_acropolis
D:2:      layout_loops_ring, roderic_roman_lattice, minmay_strange_pillars,
          kennysheep_generic_room_2, uniq_crazy_yiuf_cottage, uniq_jessica
D:3:      layout_loops_corners, nicolae_overflow_hidden_temple, bloody_makhleb,
          serial_shops, shop, serial_rivers, chequers_serial_rivers_room_b,
          chequers_serial_rivers_marsh, chequers_serial_rivers_micro_a,
          chequers_serial_rivers_small_3, chequers_serial_rivers_large_a
D:4:      layout_basic, ebering_ghost_rock_garden, chequers_hall_statues_y
D:5:      kb_forest_paths, layout_loops_ring, ebering_ghost_sewer_f,
          uniq_grinder, uniq_pikel
D:6:      layout_gridville, lemuel_coloured_pillars_altar
D:7:      cheibrodos_quashed, layout_rooms, mainiacjoe_overflow_catwalk_spiral,
          enter_bailey_3, corexii_checkpoint_a, amcnicky_mini_corridor_feature,
          hangedman_decor_opposing, minmay_ruined_shrine

Skill      XL: |  1  2  3  4  5  6  7  8 |
---------------+-------------------------+-----
Ranged Weapons | 3 4 5 6 9 |  9.2
Fighting       | 2 3 4 5 |  5.0
Armour         | 2 |  2.3
Dodging        | 3 |  3.5
Spellcasting   | |  1.0
Hexes          | |  2.0

Action                     |  1- 3 |  4- 6 |  7- 9 || total
---------------------------+-------+-------+-------++-------
   Fire: Sling             |   103 |   203 |   106 ||   412
    Use: Scroll            |     3 |     5 |     1 ||     9
         Potion            |       |     1 |       ||     1
 Armour: Robe              |    19 |     8 |       ||    27
         Ring mail         |       |    15 |    10 ||    25
  Dodge: Dodged            |    25 |    47 |    24 ||    96

Table legend:
 A = Non-vault XP
 B = Vault XP
 C = Vault XP percentage of total XP
 D = Non-vault monster count
 E = Vault monster count
 F = Vault count percentage of total count
                 A         B        C        D         E       F
            +---------+---------+-------+---------+---------+-------
      Total |    1552 |     162 |   9.5 |     108 |       4 |   3.6
            +---------+---------+-------+---------+---------+-------
        D:1 |      33 |       0 |   0.0 |      21 |       0 |   0.0
        D:2 |     117 |      39 |  25.0 |      21 |       2 |   8.7
        D:3 |     319 |       0 |   0.0 |      38 |       0 |   0.0
        D:4 |     371 |       0 |   0.0 |      14 |       0 |   0.0
        D:5 |     460 |     123 |  21.1 |       5 |       2 |  28.6
        D:6 |     252 |       0 |   0.0 |       9 |       0 |   0.0
            +---------+---------+-------+---------+---------+-------
